 Dungeon Crawl Stone Soup version 0.20.0-15-g7f486f2 (webtiles) character file.

12240 pib the Grappler (level 11, -11/100 (101) HPs)
             Began as a Ghoul Monk on June 26, 2017.
             Was an Elder of Makhleb.
             Mangled by a swamp worm (13 damage)
             ... on level 2 of the Lair of Beasts on June 27, 2017.
             The game lasted 00:31:04 (13150 turns).

pib the Grappler (Ghoul Monk)                      Turns: 13150, Time: 00:31:05

HP:   -11/100 (101) AC: 15    Str: 17 (19) XL:     11   Next: 90%
MP:   15/15         EV:  7    Int:  8 (10) God:    Makhleb [****..]
Gold: 530           SH:  0    Dex: 10 (11) Spells: 10/10 levels left

rFire    . . .     SeeInvis .     - Unarmed
rCold    + . .     Gourm    .   (no shield)
rNeg     + + +     Faith    .   m - +0 plate armour
rPois    ∞         Spirit   .   (no helmet)
rElec    .         Reflect  .   (no cloak)
rCorr    .         Harm     .   (no gloves)
MR       .....                  T - +1 pair of boots
Stlth    ..........             (no amulet)
Regen    0.0/turn               D - +2 ring of intelligence
MPRegen  0.2/turn               E - +3 ring of intelligence

@: rotting, very slow
A: rotting body, claws 1, carnivore 3, cold resistance 1, negative energy
resistance 3, inhibited regeneration, torment resistance, unbreathing
a: Minor Destruction, Lesser Servant of Makhleb, Major Destruction, Renounce
Religion


You were on level 2 of the Lair of Beasts.
You worshipped Makhleb.
Makhleb was greatly pleased with you.
You were not hungry.

You visited 2 branches of the dungeon, and saw 13 of its levels.

You collected 530 gold pieces.

Inventory:

Hand Weapons
 a - a +0 hunting sling
 d - a +0 hunting sling
Missiles
 k - 378 stones (quivered)
 o - 32 poisoned needles
 p - 142 sling bullets
Armour
 j - a +0 leather armour
 m - a +0 plate armour (worn)
 s - a +0 robe
 v - a +1 ring mail of poison resistance
 T - a +1 pair of boots (worn)
Magical Staves
 A - an uncursed staff of earth
Jewellery
 C - a +1 ring of evasion {unknown}
 D - a +2 ring of intelligence (left claw)
 E - a +3 ring of intelligence (right claw)
 H - an uncursed ring of protection from magic {unknown}
 O - an uncursed ring of fire {unknown}
 Q - an uncursed ring of flight {unknown}
Wands
 M - a wand of iceblast (6/15)
Scrolls
 c - 13 scrolls of remove curse
 h - 4 scrolls of identify
 i - a scroll of immolation {unknown}
 u - 2 scrolls of enchant armour
 x - a scroll of silence {unknown}
 y - 8 scrolls of teleportation
 G - a scroll of enchant weapon {unknown}
 J - a scroll of recharging
 K - a scroll of blinking {unknown}
 L - a scroll of fog {unknown}
 N - 2 scrolls of fear {unknown}
 S - a scroll of noise {unknown}
Potions
 g - a potion of magic
 l - 2 potions of mutation
 n - a potion of berserk rage
 r - 3 potions of haste
 t - a potion of curing
 w - a potion of degeneration
 z - a potion of might
 F - a potion of brilliance
 I - a potion of flight {unknown}
 P - a potion of invisibility {unknown}
 R - a potion of heal wounds {unknown}
Books
 B - a book of Geomancy

   Spells                             Type                      Level
   a - Sandblast                      Earth                        1
   b - Passwall                       Transmutation/Earth          2
   c - Stone Arrow                    Conjuration/Earth            3
   d - Petrify                        Transmutation/Earth          4
   e - Lee's Rapid Deconstruction     Earth                        5
Miscellaneous
 e - a sack of spiders
Comestibles
 b - 6 meat rations
 f - 12 chunks of flesh
 q - 6 royal jellies


   Skills:
 + Level 10.4 Fighting
 + Level 8.0 Armour
 + Level 5.3 Dodging
 - Level 2.1 Stealth
 - Level 12.1 Unarmed Combat
 - Level 7.6 Invocations


You had 10 spell levels left.
You didn't know any spells.

Dungeon Overview and Level Annotations

Branches:
Dungeon (11/15)            Temple (0/1) D:7            Lair (2/6) D:9
 Shoals (0/4) Lair:2
  Snake: Lair:2-4    Spider: Lair:2-4       Orc: D:9-12

Altars:
Makhleb
Nemelex Xobeh
Okawaru
Sif Muna
Uskayaw
Zin

Shops:
D:4 (

Annotations:
D:3 Sigmund
D:11 Harold, Snorg
Lair:2 exclusion: oklob plant


Innate Abilities, Weirdness & Mutations

Your body is rotting away.
You thrive on raw meat.
You are immune to poison.
You have sharp fingernails.
You are carnivorous and can eat meat at any time.
Your flesh is cold resistant. (rC+)
You are immune to negative energy. (rN+++)
You do not regenerate when monsters are visible.
You are immune to unholy pain and torment.
You can survive without breathing.


Message History

The swamp worm bites you but does no damage.
The swamp worm closely misses you. The swamp worm barely misses you.
A swamp worm bursts forth from the water.
The swamp worm bites you! The swamp worm bites you.
The swamp worm bites you but does no damage.
A swamp worm bursts forth from the water.
The swamp worm bites you! x3; The swamp worm bites you.
The swamp worm bites you but does no damage.
A demon appears!
The swamp worm bites you! The swamp worm bites you.
* * * LOW HITPOINT WARNING * * *
The swamp worm bites you!
* * * LOW HITPOINT WARNING * * *
The swamp worm bites you!
* * * LOW HITPOINT WARNING * * *
Okay, then.
Eat one of 12 chunks of flesh? (ye/n/q)
You eat one of the 7 meat rations.
That meat ration really hit the spot!
The swamp worm bites you!
You die...

### ### ##### #.######## #
.P.#####P≈≈####........## ###
.......≈≈≈≈≈≈≈..........## ...
P...≈≈≈≈≈≈≈≈≈≈≈.........## #. ..
###≈≈≈#######≈≈≈.......... ..
#≈≈P#≈≈w≈≈##≈≈.......... #.
#≈≈P†≈3@w≈(#≈≈.......... #.##
#≈≈†#≈w≈≈≈##≈≈.......... .
##...##≈≈≈#######≈≈≈..........
..#....#..≈≈≈≈≈≈≈≈≈≈≈...........
..........##≈≈≈≈≈≈≈.............
.>.........≈....#...............
##........≈#P...................
###.........#....##..............
.................P####.#.######..


You could see 3 swamp worms and a friendly ynoxinul.

Vanquished Creatures
  2 two-headed ogres
  The ghost of Setanta the Basher, a novice FoFi of Okawaru (Lair:1)
  Pikel (D:4)
  A black mamba (Lair:1)
  3 spiny frogs
  A komodo dragon (Lair:1)
  Prince Ribbit (D:6)
  Grinder (D:5)
  5 hippogriffs
  A wyvern (D:8)
  5 yaks
  A basilisk (Lair:1)
  A hungry ghost (D:9)
  Menkaure (D:7)
  5 water moccasins
  3 orc warriors
  5 porcupines
  3 sky beasts
  3 phantoms
  3 slaves (D:4)
  5 ice beasts
  A black bear (D:10)
  A necrophage (D:8)
  6 ogres
  2 centaurs
  3 crocodiles
  3 big kobolds
  8 bullfrogs
  3 scorpions
  12 killer bees
  3 wights (D:7)
  3 howler monkeys
  2 centaur zombies (D:8)
  A bullfrog zombie (D:6)
  2 crimson imps
  A bullfrog skeleton (D:6)
  A jelly (D:8)
  5 hounds
  7 orc wizards
  2 iguanas
  6 worker ants
  2 worker ant zombies (D:7)
  4 gnolls (D:5)
  A howler monkey skeleton (D:7)
  10 adders
  3 shadow imps
  4 oozes
  An adder skeleton (D:5)
  An adder zombie (D:8)
  17 worms
  4 dart slugs
  4 leopard geckos
  19 orcs
  6 bats
  5 giant cockroaches
  10 goblins
  8 hobgoblins
  6 quokkas
  2 ball pythons
  2 frilled lizards
  A jackal skeleton (D:6)
  A jackal zombie (D:6)
  17 kobolds
  9 rats
261 creatures vanquished.

Vanquished Creatures (collateral kills)
  The ghost of Patate the Nimble, a novice SpEn of Okawaru (D:9)
  Edmund (D:6)
  A crimson imp (D:8)
  4 gnolls (D:4)
  4 orcs (D:6)
11 creatures vanquished.

Vanquished Creatures (others)
  A bullfrog zombie (D:8)
  3 plants
4 creatures vanquished.

Grand Total: 276 creatures vanquished

Notes
Turn   | Place    | Note
-------+----------+-------------------------------------------
     0 | D:1      | pib the Ghoul Monk began the quest for the Orb.
     0 | D:1      | Reached XP level 1. HP: 19/19 MP: 0/0
    97 | D:1      | Reached XP level 2. HP: 14/25 MP: 1/1
   396 | D:1      | Reached skill level 4 in Unarmed Combat
   491 | D:1      | Reached XP level 3. HP: 26/33 MP: 2/2
  1250 | D:2      | Reached XP level 4. HP: 38/40 MP: 3/3
  1485 | D:2      | Reached skill level 1 in Armour
  1919 | D:3      | Reached skill level 5 in Unarmed Combat
  1919 | D:3      | Reached XP level 5. HP: 42/46 MP: 4/4
  2216 | D:3      | Noticed Sigmund
  2801 | D:3      | Found a faded altar of an unknown god.
  2804 | D:3      | Became a worshipper of Makhleb the Destroyer
  2804 | D:3      | Reached * piety under Makhleb
  2804 | D:3      | Reached ** piety under Makhleb
  2883 | D:4      | Noticed a slave
  2884 | D:4      | Noticed Pikel
  2885 | D:4      | Noticed a slave
  2885 | D:4      | Noticed a slave
  3146 | D:4      | Found Ytaciotont's Weapon Shoppe.
  3158 | D:4      | Reached *** piety under Makhleb
  3174 | D:4      | Reached XP level 6. HP: 41/53 MP: 5/5
  3256 | D:4      | Noticed a slave
  3276 | D:4      | Killed a slave
  3307 | D:4      | Killed a slave
  3315 | D:4      | Killed a slave
  3462 | D:4      | Killed Pikel
  3462 | D:4      | Reached skill level 5 in Fighting
  3462 | D:4      | Reached skill level 7 in Unarmed Combat
  3462 | D:4      | Reached XP level 7. HP: 43/61 MP: 5/7
  3705 | D:4      | Reached XP level 8. HP: 7/70 MP: 9/9
  4154 | D:4      | Found a hide-covered altar of Uskayaw.
  4169 | D:4      | Found an iron altar of Okawaru.
  4242 | D:4      | Found a deep blue altar of Sif Muna.
  4294 | D:4      | Found a sparkling altar of Nemelex Xobeh.
  4555 | D:5      | Entered Level 5 of the Dungeon
  4697 | D:5      | Reached skill level 8 in Unarmed Combat
  4735 | D:5      | Found a burning altar of Makhleb.
  4998 | D:5      | Found a glowing silver altar of Zin.
  4999 | D:5      | Noticed a cacodemon
  4999 | D:5      | Noticed an angel
  5076 | D:5      | Noticed Grinder
  5083 | D:5      | Paralysed by Grinder for 3 turns
  5092 | D:5      | Paralysed by Grinder for 3 turns
  5100 | D:5      | Killed Grinder
  5280 | D:6      | Noticed Prince Ribbit
  5281 | D:6      | Noticed Edmund
  5460 | D:6      | Reached skill level 9 in Unarmed Combat
  5460 | D:6      | Reached XP level 9. HP: 78/78 MP: 10/10
  6170 | D:6      | Killed Edmund
  6551 | D:6      | Killed Prince Ribbit
  6551 | D:6      | Reached skill level 5 in Armour
  6551 | D:6      | Reached skill level 10 in Unarmed Combat
  7021 | D:7      | Noticed Menkaure
  7038 | D:7      | Killed Menkaure
  7051 | D:7      | Reached **** piety under Makhleb
  7187 | D:7      | Reached XP level 10. HP: 63/88 MP: 12/12
  7506 | D:7      | Found a staircase to the Ecumenical Temple.
  7774 | D:8      | Reached skill level 11 in Unarmed Combat
  7774 | D:8      | Reached skill level 5 in Invocations
  8048 | D:8      | Noticed a two-headed ogre
  8061 | D:8      | Killed a two-headed ogre
  8658 | D:9      | Noticed Patate's ghost (novice SpEn)
  8675 | D:9      | Killed Patate's ghost
  8819 | D:9      | Found a staircase to the Lair.
  9128 | D:9      | Noticed a two-headed ogre
  9137 | D:9      | Killed a two-headed ogre
  9137 | D:9      | Reached XP level 11. HP: 90/95 MP: 15/15
  9258 | D:9      | Reached skill level 12 in Unarmed Combat
 10037 | D:10     | Entered Level 10 of the Dungeon
 10888 | D:11     | Noticed Harold
 10888 | D:11     | Noticed Snorg
 10930 | Lair:1   | Entered Level 1 of the Lair of Beasts
 11188 | Lair:1   | Found a labyrinth entrance.
 11333 | Lair:1   | Noticed Setanta's ghost (novice FoFi)
 11348 | Lair:1   | Killed Setanta's ghost
 12075 | Lair:2   | Reached skill level 10 in Fighting
 12203 | Lair:2   | Found a staircase to the Shoals.
 12414 | Lair:2   | Reached skill level 5 in Dodging
 13045 | Lair:2   | Noticed an oklob plant
 13149 | Lair:2   | HP: 2/100 [swamp worm (15)]
 13150 | Lair:2   | Mangled by a swamp worm

Skill      XL: |  1  2  3  4  5  6  7  8  9 10 11 |
---------------+----------------------------------+-----
Unarmed Combat | 4 5 7 9 10 11 12 | 12.1
Armour         | 1 2 3 4 5 6 8 |  8.0
Fighting       | 4 5 6 7 8 10 | 10.4
Invocations    | 2 3 4 7 |  7.6
Dodging        | 3 5 |  5.3
Stealth        | |  2.1

Action                   |  1- 3 |  4- 6 |  7- 9 | 10-12 || total
-------------------------+-------+-------+-------+-------++-------
Melee: Unarmed           |   108 |   229 |   308 |   503 ||  1148
       Punch             |     1 |       |     2 |    19 ||    22
Invok: Minor Destruction |       |     1 |     9 |     1 ||    11
       Lesser Servant of |       |       |     3 |     5 ||     8
       Major Destruction |       |       |       |     1 ||     1
  Use: Scroll            |       |     6 |     1 |     2 ||     9
       Potion            |       |       |       |     6 ||     6
 Stab: Sleeping          |     1 |       |       |       ||     1
  Eat: Chunk             |     2 |     7 |    14 |    29 ||    52
       Meat ration       |       |       |       |     1 ||     1
Armor: Robe              |     7 |       |       |       ||     7
       Leather armour    |     3 |       |       |       ||     3
       Plate armour      |    28 |   129 |   153 |   223 ||   533
Dodge: Dodged            |    49 |    45 |    71 |   142 ||   307
